AA
GARY SOUTHSHORE RAILCATS @ FARGO-MOORHEAD REDHAWKS
05/06/2080
 
TOP OF THE 1ST
South Division All-Stars batting - Pitching for North Division All-Stars : RHP Chris Adams
Pitching: RHP Chris Adams
Batting: LHB Matt Vogel 0-0: Called Strike
0-1: Foul Ball, location: 2F
0-2: Strikes out swinging
Batting: RHB Lyle Rowley 0-0: Ball
1-0: Foul Ball, location: 2F
1-1: Swinging Strike
1-2: Ball
2-2: Strikes out swinging
Batting: RHB Raul Alvarez 0-0: Fly out, F7 (Flyball, 78M, EV 96.2 MPH)
Top of the 1st over - 0 runs, 0 hits, 0 errors, 0 left on base; South Division 0 - North Division 0
BOTTOM OF THE 1ST
North Division All-Stars batting - Pitching for South Division All-Stars : RHP Dan Torres
Pitching: RHP Dan Torres
Batting: LHB Vinny Berrios 0-0: Foul Ball, location: 2F
0-1: Ball
1-1: Ball
2-1: Ground out 4-3 (Groundball, 4M, EV 84.4 MPH)
Batting: RHB Roberto Lopez 0-0: Ball
1-0: Ball
2-0: Ground out 3-1 (Groundball, 34, EV 88.1 MPH)
Batting: RHB Ken Peterson 0-0: Foul Ball, location: 2F
0-1: Ball
1-1: Foul Ball, location: 2F
1-2: Strikes out looking
Bottom of the 1st over - 0 runs, 0 hits, 0 errors, 0 left on base; South Division 0 - North Division 0
TOP OF THE 2ND
South Division All-Stars batting - Pitching for North Division All-Stars : RHP Chris Adams
Pitching: RHP Seth Dugas
Batting: RHB Jesus Vargas 0-0: Fly out, F3 (Popup, 3F, EV 66.2 MPH)
Batting: RHB Ezequiel Canelas 0-0: Ball
1-0: Ball
2-0: Hit by Pitch
Batting: RHB Juan Andino 0-0: Called Strike
0-1: Ball
1-1: Foul Ball, location: 2F
1-2: Strikes out swinging
Batting: RHB Frank Spicer 0-0: Called Strike
0-1: Ball
1-1: Ball
2-1: Ball
Wild Pitch!
Ezequiel Canelas to second
3-1: Fly out, F8 (Line Drive, 8RD, EV 92.5 MPH)
Top of the 2nd over - 0 runs, 0 hits, 0 errors, 1 left on base; South Division 0 - North Division 0
BOTTOM OF THE 2ND
North Division All-Stars batting - Pitching for South Division All-Stars : RHP Dan Torres
Pitching: LHP Frank Bryant
Batting: RHB Vinny Alfonso 0-0: Ball
1-0: Called Strike
1-1: Ground out 1-3 (Groundball, 25, EV 65.0 MPH)
Batting: LHB Matthew Miller 0-0: Called Strike
0-1: Ball
1-1: Ground out 5-3 (Groundball, 56S, EV 68.8 MPH)
Batting: LHB Corey DeMaio 0-0: Called Strike
0-1: Ground out 4-3 (Groundball, 4, EV 96.2 MPH)
Bottom of the 2nd over - 0 runs, 0 hits, 0 errors, 0 left on base; South Division 0 - North Division 0
TOP OF THE 3RD
South Division All-Stars batting - Pitching for North Division All-Stars : RHP Seth Dugas
Pitching: RHP James Cox
Batting: RHB Brian Calderone 0-0: Called Strike
0-1: DOUBLE (Flyball, 89D, EV 96.9 MPH)
Batting: RHB Justin Pakulski 0-0: Ball
1-0: Fly out, F8 (Flyball, 8RM, EV 90.0 MPH)
Batting: LHB Matt Vogel 0-0: Called Strike
0-1: Ball
1-1: Ball
2-1: Ball
3-1: Fly out, F6 (Line Drive, 6, EV 68.8 MPH)
Batting: RHB Lyle Rowley 0-0: Called Strike
0-1: Ball
1-1: Called Strike
1-2: Strikes out swinging
Top of the 3rd over - 0 runs, 1 hit, 0 errors, 1 left on base; South Division 0 - North Division 0
BOTTOM OF THE 3RD
North Division All-Stars batting - Pitching for South Division All-Stars : LHP Frank Bryant
Pitching: RHP Francis Colon
Batting: RHB Jerry Burgess 0-0: Ground out 4-3 (Groundball, 4D, EV 102.5 MPH)
Batting: SHB Justin Strickland 0-0: Ball
1-0: Ball
2-0: Ball
3-0: Called Strike
3-1: Foul Ball, location: 2F
3-2: Base on Balls
Batting: SHB Jim Unknown 0-0: Ball
1-0: Swinging Strike
1-1: Swinging Strike
1-2: Ball
2-2: Strikes out looking
Batting: LHB Vinny Berrios 0-0: Ball
1-0: Foul Ball, location: 2F
1-1: Ball
2-1: SINGLE (Flyball, 89S, EV 90.6 MPH)
Justin Strickland to second
Runner from 2nd tries for 3rd, OUT! 9-5
Bottom of the 3rd over - 0 runs, 1 hit, 0 errors, 1 left on base; South Division 0 - North Division 0
TOP OF THE 4TH
South Division All-Stars batting - Pitching for North Division All-Stars : RHP James Cox
Pitching: RHP Marcos Trevino
Batting: RHB Raul Alvarez 0-0: Called Strike
0-1: Ball
1-1: Ball
2-1: Swinging Strike
2-2: SINGLE (Line Drive, 34, EV 103.8 MPH)
Batting: RHB Jesus Vargas 0-0: Ball
1-0: Ground out U3 (Groundball, 3S, EV 68.8 MPH)
Raul Alvarez to second
Batting: RHB Ezequiel Canelas 0-0: Ball
1-0: Foul Ball, location: 2F
1-1: Fly out, F9 (Flyball, 89D, EV 77.5 MPH)
Batting: RHB Juan Andino 0-0: Ball
1-0: Ball
2-0: Swinging Strike
2-1: Called Strike
2-2: Foul Ball, location: 2F
2-2: Ball
3-2: Ground out 6-3 (Groundball, 6, EV 98.1 MPH)
Top of the 4th over - 0 runs, 1 hit, 0 errors, 1 left on base; South Division 0 - North Division 0
BOTTOM OF THE 4TH
North Division All-Stars batting - Pitching for South Division All-Stars : RHP Francis Colon
Pitching: RHP Andy Stine
Batting: RHB Roberto Lopez 0-0: Called Strike
0-1: Ball
1-1: Called Strike
1-2: Strikes out looking
Batting: RHB Ken Peterson 0-0: Ground out 6-3 (Groundball, 6S, EV 86.2 MPH)
Batting: RHB Vinny Alfonso 0-0: Foul Ball, location: 2F
0-1: SINGLE (Line Drive, 34D, EV 96.9 MPH)
Batting: LHB Matthew Miller 0-0: Called Strike
0-1: Swinging Strike
0-2: Ball
1-2: Strikes out looking
Bottom of the 4th over - 0 runs, 1 hit, 0 errors, 1 left on base; South Division 0 - North Division 0
TOP OF THE 5TH
South Division All-Stars batting - Pitching for North Division All-Stars : RHP Marcos Trevino
Pitching: RHP Trent Leo
Batting: RHB Frank Spicer 0-0: Called Strike
0-1: Swinging Strike
0-2: Foul Ball, location: 2F
0-2: DOUBLE (Line Drive, 89D, EV 112.5 MPH)
Batting: RHB Brian Calderone 0-0: Ball
1-0: Foul Ball, location: 2F
1-1: Called Strike
1-2: Ground out 4-3 (Groundball, 4, EV 96.9 MPH)
Frank Spicer to third
Batting: RHB Justin Pakulski 0-0: Foul Ball, location: 2F
0-1: Foul Ball, location: 2F
0-2: Ball
1-2: Ball
2-2: 2-RUN HOME RUN (Flyball, 7D, EV 95.0 MPH), Distance : 375 ft
Batting: LHB Matt Vogel 0-0: Called Strike
0-1: Ground out 4-3 (Groundball, 4, EV 80.6 MPH)
Batting: RHB Lyle Rowley 0-0: Ball
1-0: Swinging Strike
1-1: Foul Ball, location: 2F
1-2: Ground out 6-3 (Groundball, 6S, EV 83.1 MPH)
Top of the 5th over - 2 runs, 2 hits, 0 errors, 0 left on base; South Division 2 - North Division 0
BOTTOM OF THE 5TH
North Division All-Stars batting - Pitching for South Division All-Stars : RHP Andy Stine
Pitching: RHP Jeff Ridge
Batting: LHB Corey DeMaio 0-0: Called Strike
0-1: Ball
1-1: Ball
2-1: Foul Ball, location: 2F
2-2: Strikes out swinging
Batting: RHB Jerry Burgess 0-0: Ball
1-0: Ball
2-0: SINGLE (Groundball, 6M, EV 95.6 MPH)
Batting: SHB Justin Strickland 0-0: Called Strike
Jerry Burgess steals 2nd base (no throw)
0-1: Foul Ball, location: 2F
0-2: Ground out 6-3 (Groundball, 6, EV 85.6 MPH)
Jerry Burgess to third
Batting: SHB Jim Unknown 0-0: Foul Ball, location: 2F
0-1: Ball
1-1: Ball
2-1: Called Strike
2-2: Strikes out swinging, 2-3 out at first.
Bottom of the 5th over - 0 runs, 1 hit, 0 errors, 1 left on base; South Division 2 - North Division 0
TOP OF THE 6TH
South Division All-Stars batting - Pitching for North Division All-Stars : RHP Trent Leo
Pitching: RHP Butch Jakob
Pinch Hitting: RHB Bobby Martinez 0-0: Ball
1-0: Swinging Strike
1-1: Foul Ball, location: 2F
1-2: Ground out 5-3 (Groundball, 5, EV 115.0 MPH)
Batting: LHB Jose Castro 0-0: Ball
1-0: Ball
2-0: Ground out 4-3 (Groundball, 34, EV 95.6 MPH)
Pinch Hitting: RHB Francisco Luna 0-0: Ball
1-0: Ground out 5-3 (Groundball, 56, EV 90.0 MPH)
Top of the 6th over - 0 runs, 0 hits, 0 errors, 0 left on base; South Division 2 - North Division 0
BOTTOM OF THE 6TH
North Division All-Stars batting - Pitching for South Division All-Stars : RHP Jeff Ridge
Pitching: RHP Joe Wolfe
Now at 1B: Bobby Martinez
Now at 3B: Francisco Luna
Pinch Hitting: RHB Adam Brennan 0-0: Called Strike
0-1: Ball
1-1: Ball
2-1: Foul Ball, location: 2F
2-2: Strikes out swinging
Pinch Hitting: RHB Francisco Ortiz 0-0: Ball
1-0: Fly out, F9 (Flyball, 9D, EV 85.0 MPH)
Batting: RHB Ken Peterson 0-0: Foul Ball, location: 2F
0-1: Called Strike
0-2: Foul Ball, location: 2F
0-2: Ball
1-2: Foul Ball, location: 2F
1-2: Ground out 6-3 (Groundball, 6, EV 83.8 MPH)
Bottom of the 6th over - 0 runs, 0 hits, 0 errors, 0 left on base; South Division 2 - North Division 0
TOP OF THE 7TH
South Division All-Stars batting - Pitching for North Division All-Stars : RHP Butch Jakob
Pitching: RHP James Barnes
Now at C: Adam Brennan
Now at 2B: Vinny Alfonso
Now at 3B: Francisco Ortiz
Batting: RHB Juan Andino 0-0: Ball
1-0: Fly out, F8 (Flyball, 89M, EV 82.5 MPH)
Batting: RHB Frank Spicer 0-0: Ball
1-0: Called Strike
1-1: Swinging Strike
1-2: Foul Ball, location: 2F
1-2: Strikes out swinging
Batting: RHB Brian Calderone 0-0: Foul Ball, location: 2F
0-1: Ball
1-1: Called Strike
1-2: Ball
2-2: SINGLE (Groundball, 23, EV 73.8 MPH) (infield hit)
Pinch Hitting: LHB Tyler DeBoe 0-0: Ball
1-0: Ball
2-0: Called Strike
Brian Calderone steals 2nd base
2-1: Foul Ball, location: 2F
2-2: Fly out, F3 (Line Drive, 3, EV 71.2 MPH)
Top of the 7th over - 0 runs, 1 hit, 0 errors, 1 left on base; South Division 2 - North Division 0
BOTTOM OF THE 7TH
North Division All-Stars batting - Pitching for South Division All-Stars : RHP Joe Wolfe
Pitching: RHP Leo James
Now at C: Tyler DeBoe
Batting: RHB Vinny Alfonso 0-0: Foul Ball, location: 2F
0-1: Ball
1-1: Foul Ball, location: 2F
1-2: Fly out, F7 (Flyball, 7D, EV 103.1 MPH)
Pinch Hitting: RHB Ron Carlier 0-0: Ground out 6-3 (Groundball, 6M, EV 89.4 MPH)
Batting: LHB Corey DeMaio 0-0: Foul Ball, location: 2F
0-1: Foul Ball, location: 2F
0-2: Ball
1-2: TRIPLE (Flyball, 78XD, EV 101.2 MPH)
Batting: RHB Jerry Burgess 0-0: Swinging Strike
0-1: Ball
1-1: Foul Ball, location: 2F
1-2: Strikes out looking
Bottom of the 7th over - 0 runs, 1 hit, 0 errors, 1 left on base; South Division 2 - North Division 0
TOP OF THE 8TH
South Division All-Stars batting - Pitching for North Division All-Stars : RHP James Barnes
Pitching: RHP Brian Duncan
Now in LF: Ron Carlier
Now in CF: Corey DeMaio
Batting: LHB Matt Vogel 0-0: Ball
1-0: Swinging Strike
1-1: Foul Ball, location: 2F
1-2: Fly out, F6 (Popup, 6S, EV 85.0 MPH)
Batting: RHB Lyle Rowley 0-0: Ball
1-0: Called Strike
1-1: Called Strike
1-2: Ball
2-2: Strikes out swinging
Batting: RHB Bobby Martinez 0-0: Ball
1-0: Ball
2-0: Ball
3-0: Called Strike
3-1: SOLO HOME RUN (Flyball, 78XD, EV 111.9 MPH), Distance : 436 ft
Batting: LHB Jose Castro 0-0: Called Strike
0-1: Foul Ball, location: 2F
0-2: Ball
1-2: Ground out 6-3 (Groundball, 6D, EV 79.4 MPH)
Top of the 8th over - 1 run, 1 hit, 0 errors, 0 left on base; South Division 3 - North Division 0
BOTTOM OF THE 8TH
North Division All-Stars batting - Pitching for South Division All-Stars : RHP Leo James
Pitching: RHP Jordan Whitfield
Batting: SHB Justin Strickland 0-0: Called Strike
0-1: Foul Ball, location: 2F
0-2: Ball
1-2: SINGLE (Flyball, 89M, EV 93.1 MPH)
Batting: SHB Jim Unknown 0-0: Ball
1-0: Ball
2-0: Ball
3-0: Base on Balls
Justin Strickland to second
Batting: RHB Adam Brennan 0-0: Called Strike
0-1: Called Strike
0-2: Foul Ball, location: 2F
0-2: Ball
1-2: Foul Ball, location: 2F
1-2: Strikes out swinging
Batting: RHB Francisco Ortiz 0-0: Called Strike
0-1: Fielders Choice at 2nd, 4-6 (Groundball, 34, EV 102.5 MPH)
Justin Strickland to third
Pinch Hitting: LHB Colin Larmore 0-0: Ball
1-0: Called Strike
1-1: Fly out, F8 (Line Drive, 8RD, EV 90.0 MPH)
Bottom of the 8th over - 0 runs, 1 hit, 0 errors, 2 left on base; South Division 3 - North Division 0
TOP OF THE 9TH
South Division All-Stars batting - Pitching for North Division All-Stars : RHP Brian Duncan
Pitching: RHP Matt Pace
Now at 1B: Colin Larmore
Batting: RHB Francisco Luna 0-0: Called Strike
0-1: Ball
1-1: Ball
2-1: Ground out 5-3 (Groundball, 5, EV 80.0 MPH)
Batting: RHB Juan Andino 0-0: Ball
1-0: Swinging Strike
1-1: SINGLE (Groundball, 6MD, EV 98.1 MPH)
Batting: RHB Frank Spicer 0-0: Grounds into double play, 5-4-3 (Groundball, 56, EV 88.1 MPH)
Top of the 9th over - 0 runs, 1 hit, 0 errors, 0 left on base; South Division 3 - North Division 0
BOTTOM OF THE 9TH
North Division All-Stars batting - Pitching for South Division All-Stars : RHP Jordan Whitfield
Pitching: RHP Al Mesa
Pinch Hitting: LHB Dave McGinnis 0-0: Ball
1-0: Called Strike
1-1: Foul Ball, location: 2F
1-2: Ball
2-2: Foul Ball, location: 2F
2-2: Ball
3-2: Strikes out looking
Batting: RHB Ron Carlier 0-0: Ball
1-0: Swinging Strike
1-1: Swinging Strike
1-2: Foul Ball, location: 2F
1-2: Strikes out swinging
Pinch Hitting: LHB Matt Kelso 0-0: Ball
1-0: DOUBLE (Flyball, 8LXD, EV 97.5 MPH)
Batting: RHB Jerry Burgess 0-0: SINGLE (Groundball, 6S, EV 69.4 MPH) (infield hit)
Matt Kelso to third
Batting: SHB Justin Strickland 0-0: SINGLE (Groundball, 6D, EV 109.4 MPH)
Matt Kelso scores
Jerry Burgess to second
Batting: SHB Jim Unknown 0-0: Called Strike
0-1: Ball
1-1: Swinging Strike
1-2: Strikes out swinging
Bottom of the 9th over - 1 run, 3 hits, 0 errors, 2 left on base; South Division 3 - North Division 1
Saturday, July 16th , 2022 - OOTP Baseball 23.5 Build 73